 Dungeon Crawl Stone Soup version 0.17-a0-1596-g1e86911 (webtiles) character file.

58681 urechis the Brawler (level 14, -11/143 HPs)
             Began as a Troll Monk on July 30, 2015.
             Mangled by an azure jelly (13 damage)
             ... on level 8 of the Lair of Beasts.
             The game lasted 00:54:45 (20426 turns).

urechis the Brawler (Troll Monk)                   Turns: 20426, Time: 00:54:46

Health: -11/143    AC:  7    Str: 26    XL:     14   Next: 50%
Magic:  0/13       EV: 10    Int:  6    God:
Gold:   1235       SH:  0    Dex: 12    Spells: 1 memorised, 12 levels left

rFire  . . .     SeeInvis +       - Unarmed
rCold  + + .     Clarity  .     m - +2 robe {rC+}
rNeg   . . .     SustAt   .     (no shield)
rPois  +         Gourm    +     q - +0 hat {SInv}
rElec  .         Spirit   +     (no cloak)
rCorr  .         Warding  .     (gloves unavailable)
rMut   .         Stasis   .     (boots unavailable)
MR     +....                    e - amulet of guardian spirit
Stlth  ++........               r - ring of protection from cold
                                P - ring of poison resistance

@: somewhat resistant to hostile enchantments, unstealthy
A: unfitting armour, claws 3, fast metabolism 3, gourmand, regeneration 2,
shaggy fur 1, tough skin 2
a: no special abilities


You were on level 8 of the Lair of Beasts.
You were full.

You visited 2 branches of the dungeon, and saw 20 of its levels.
You also visited: Ossuary and Ice Cave.

You collected 1235 gold pieces.

Inventory:

Missiles
 Q - 2 large rocks (quivered)
Armour
 m - a +2 robe of cold resistance (worn)
 q - a +0 hat of see invisible (worn)
Jewellery
 e - an amulet of guardian spirit (around neck)
 l - an uncursed ring of flight
 r - a ring of protection from cold (right claw)
 P - a ring of poison resistance (left claw)
Magical devices
 a - a wand of fire (7)
 k - a wand of digging (14)
 x - a wand of cold (0)
 y - a wand of disintegration (11)
 I - a wand of fireball (11)
 K - a wand of invisibility (3)
Scrolls
 f - 4 scrolls of immolation
 g - 3 scrolls of remove curse
 i - 4 scrolls of recharging
 j - 2 scrolls of fog
 o - 7 scrolls of teleportation
 p - 4 scrolls of fear
 u - a scroll of torment {unknown}
 B - a scroll of summoning
 D - 2 scrolls of amnesia
 J - a scroll of blinking {unknown}
 L - 3 scrolls of enchant armour
 M - a scroll of silence {unknown}
 W - a scroll of holy word {unknown}
Potions
 c - 6 potions of brilliance
 d - a potion of beneficial mutation {unknown}
 h - 9 potions of curing
 n - 2 potions of lignification
 t - 2 potions of resistance
 v - 5 potions of cancellation
 z - 5 potions of heal wounds
 A - 2 potions of invisibility
 C - a potion of poison {unknown}
 E - 3 potions of berserk rage
 F - 2 potions of agility
 O - a potion of magic {unknown}
 S - 2 potions of flight
Books
 N - a book of Burglary

   Spells                             Type                      Level
   a - Swiftness                      Charms/Air                   2
   b - Passwall                       Transmutation/Earth          3
   c - Passage of Golubria            Translocation                4
   d - Lee's Rapid Deconstruction     Earth                        5
   e - Darkness                       Hexes                        6
   f - Invisibility                   Hexes                        6
Comestibles
 b - 10 bread rations
 s - 3 slices of pizza
 w - 10 meat rations
 G - 5 beef jerkies
 H - 8 royal jellies
 V - 5 fruits


   Skills:
 + Level 10.1 Fighting
 - Level 10.0 Throwing
 - Level 10.6 Armour
 - Level 2.4 Dodging
 - Level 1.1 Stealth
 * Level 15.9 Unarmed Combat


You had 12 spell levels left.
You knew the following spells:

 Your Spells              Type           Power        Failure   Level  Hunger
a - Apportation           Tloc           #.........   52%         1    ##.....


Dungeon Overview and Level Annotations

Branches:
Dungeon (12/15)            Temple (0/1) D:4            Lair (8/8) D:9
 Shoals (0/4) Lair:4       Spider (0/4) Lair:3        Slime (0/6) Lair:8
    Orc (0/4) D:11

Altars:
Ashenzari
Cheibriados
Makhleb
Nemelex Xobeh
Ru
Trog
Vehumet
Zin
Jiyva


Innate Abilities, Weirdness & Mutations

You are too large for most types of armour.
You have claws for hands.
Your metabolism is lightning-fast.
You like to eat raw meat.
You heal very quickly.
You are covered in fur (AC +1).
You have very tough skin (AC +2).


Message History

The azure jelly hits the plant!
The azure jelly freezes the plant!!
The azure jelly hits the plant.
The azure jelly freezes the plant!!
The plant is destroyed!
The azure jelly hits you.
* * * LOW HITPOINT WARNING * * *
The azure jelly freezes you. You resist.
* * * LOW HITPOINT WARNING * * *
The azure jelly hits you but does no damage.
The azure jelly hits you.
* * * LOW HITPOINT WARNING * * *
The azure jelly hits you.
* * * LOW HITPOINT WARNING * * *
The azure jelly hits you!
* * * LOW HITPOINT WARNING * * *
The azure jelly freezes you! You resist.
* * * LOW HITPOINT WARNING * * *
The azure jelly hits you!
* * * LOW HITPOINT WARNING * * *
The azure jelly freezes you! You resist.
You die...

##..................)............
###..................P...........
.##..................P.....P.....
####...........#####..P......#..#
.##...#........#.>.#........P#...
...............#...#.........P...
...............#._.#.........PPP.
...P...........##'##...†....PPP..
................@J....PP...P.....
.................J..JPPPPP.PP....
.#.....P.............PP...#......
#.#†.#PP...........PP.#.####....#
#......P..............#.........#
#P.........P..............#....##
...P...#........................#
.....................P..........#
#...............................#


You could see 3 azure jellies.

Vanquished Creatures
  Gastronok (Lair:1)
  A frost giant (IceCv)
  Josephine (D:12)
  The ghost of karlkraus the Blocker, a powerful MiFi of Qazlal (D:12)
  Erolcha (D:11)
  Harold (D:10)
  2 hydras
  Erica (Lair:1)
  Urug (Lair:1)
  9 death yaks
  An unseen horror (D:10)
  An ice statue (IceCv)
  3 hill giants
  2 oklob plants
  An ugly thing (D:12)
  A griffon (Lair:6)
  A cyclops (D:11)
  2 black mambas
  A centaur zombie (D:10)
  8 elephants (Lair:4)
  Joseph (D:10)
  12 spiny frogs
  2 centaur skeletons (D:12)
  5 komodo dragons
  A two-headed ogre (D:8)
  A queen bee (D:9)
  A merfolk (Lair:4)
  19 blink frogs
  A fire drake (Lair:3)
  6 trolls
  13 polar bears (IceCv)
  A trapdoor spider zombie (D:11)
  5 wraiths (D:12)
  40 yaks
  3 hungry ghosts
  A deep elf mage (D:11)
  2 basilisks
  A wyvern (D:8)
  Menkaure (Ossuary)
  A warg (D:11)
  9 hippogriffs
  2 mottled dragons
  27 wolves
  15 water moccasins
  9 porcupines
  4 ice beasts
  2 black bears
  A phantom (D:12)
  6 orc warriors
  5 sky beasts
  9 centaurs
  14 crocodiles
  5 ogres
  A big kobold (D:11)
  20 giant frogs
  3 scorpions
  A wyvern skeleton (D:7)
  17 killer bees (D:9)
  5 crimson imps
  2 giant frog zombies
  2 electric eels
  10 hounds
  9 orc priests
  A giant frog skeleton (D:12)
  3 jellies
  9 orc wizards
  8 iguanas
  12 sheep
  6 worker ants
  A hound zombie (D:8)
  A hound skeleton (D:9)
  2 mummies (Ossuary)
  A worker ant zombie (D:9)
  31 river rats
  8 adders
  7 gnolls
  2 shadow imps
  2 worms
  4 giant geckos
  40 orcs
  A ball python (D:1)
  5 bats
  7 hobgoblins
  11 kobolds
  8 quokkas
  4 giant cockroaches
  A giant gecko skeleton (D:8)
  3 giant newts
  3 gnoll skeletons (Ossuary)
  4 gnoll zombies (Ossuary)
  3 goblins
  A goblin zombie (Ossuary)
  5 hobgoblin skeletons (Ossuary)
  A hobgoblin zombie (Ossuary)
  15 jackals
  A kobold skeleton (Ossuary)
  5 kobold zombies (Ossuary)
  2 orc skeletons (Ossuary)
  2 orc zombies (Ossuary)
  2 quokka zombies
  4 rats
  A rat skeleton (Ossuary)
  A rat zombie (Ossuary)
  2 bushes (D:1)
  A fungus (Lair:7)
  2 plants
568 creatures vanquished.

Vanquished Creatures (others)
  A mummy (Ossuary)
  A gnoll skeleton (Ossuary)
  2 gnoll zombies (Ossuary)
  2 goblin skeletons (Ossuary)
  A goblin zombie (Ossuary)
  3 hobgoblin skeletons (Ossuary)
  A hobgoblin zombie (Ossuary)
  A kobold skeleton (Ossuary)
  2 kobold zombies (Ossuary)
  2 orc skeletons (Ossuary)
  An orc zombie (Ossuary)
  4 rat skeletons (Ossuary)
  4 rat zombies (Ossuary)
  2 bushes (Lair:7)
  10 fungi
  3 plants
40 creatures vanquished.

Grand Total: 608 creatures vanquished

Notes
Turn   | Place    | Note
--------------------------------------------------------------
     0 | D:1      | urechis the Troll Monk began the quest for the Orb.
     0 | D:1      | Reached XP level 1. HP: 22/22 MP: 0/0
   241 | D:1      | Reached XP level 2. HP: 23/29 MP: 1/1
  1449 | D:2      | Reached XP level 3. HP: 36/36 MP: 2/2
  2002 | D:3      | Noticed a sky beast
  2009 | D:3      | Killed a sky beast
  2009 | D:3      | Reached skill level 5 in Unarmed Combat
  2009 | D:3      | Reached XP level 4. HP: 15/45 MP: 3/3
  2447 | D:3      | Reached XP level 5. HP: 53/53 MP: 4/4
  2801 | D:4      | Found a sparkling altar of Nemelex Xobeh.
  2802 | D:4      | Found a shattered altar of Ashenzari.
  2852 | D:4      | Found a snail-covered altar of Cheibriados.
  2902 | D:4      | Reached skill level 6 in Unarmed Combat
  2905 | D:4      | Found a staircase to the Ecumenical Temple.
  3071 | D:5      | Entered Level 5 of the Dungeon
  3203 | D:5      | Reached XP level 6. HP: 51/62 MP: 5/5
  3204 | D:5      | Noticed an ice beast
  3211 | D:5      | Killed an ice beast
  3329 | D:5      | Found a glowing silver altar of Zin.
  3337 | D:5      | Reached skill level 7 in Unarmed Combat
  3724 | D:5      | Reached XP level 7. HP: 68/70 MP: 6/6
  4036 | D:6      | Reached skill level 8 in Unarmed Combat
  4156 | D:6      | Found a sand-covered staircase.
  4166 | D:6      | Reached skill level 5 in Fighting
  4187 | Ossuary  | Entered an ossuary
  4427 | Ossuary  | Noticed Menkaure
  4433 | Ossuary  | Killed Menkaure
  4433 | Ossuary  | Reached XP level 8. HP: 15/80 MP: 2/7
  4853 | D:6      | Reached skill level 9 in Unarmed Combat
  5505 | D:7      | Reached skill level 10 in Unarmed Combat
  5666 | D:8      | Found a sacrificial altar of Ru.
  5678 | D:8      | Found a burning altar of Makhleb.
  5736 | D:8      | Reached XP level 9. HP: 50/89 MP: 4/8
  5747 | D:8      | Found a glowing silver altar of Zin.
  5768 | D:8      | Found a bloodstained altar of Trog.
  5795 | D:8      | Noticed a two-headed ogre
  5801 | D:8      | Killed a two-headed ogre
  6011 | D:8      | Reached skill level 11 in Unarmed Combat
  6594 | D:9      | Reached skill level 12 in Unarmed Combat
  6769 | D:9      | Reached XP level 10. HP: 78/102 MP: 5/9
  6945 | D:9      | You fall through a shaft for 3 floors!
  6948 | D:12     | Noticed a hill giant
  6961 | D:12     | Killed a hill giant
  7217 | D:10     | Entered Level 10 of the Dungeon
  7246 | D:10     | Reached skill level 13 in Unarmed Combat
  7862 | D:9      | Found a staircase to the Lair.
  8222 | D:10     | Noticed Joseph
  8234 | D:10     | Killed Joseph
  8234 | D:10     | Reached skill level 14 in Unarmed Combat
  8234 | D:10     | Reached XP level 11. HP: 90/113 MP: 8/10
  8246 | D:10     | Noticed a hill giant
  8258 | D:10     | Killed a hill giant
  8268 | D:10     | Identified a scroll of acquirement
  8410 | D:10     | Killed an unseen horror
  8417 | D:10     | Noticed Harold
  8442 | D:10     | Killed Harold
  8995 | D:11     | Found a radiant altar of Vehumet.
  9024 | D:11     | Noticed a hill giant
  9030 | D:11     | Killed a hill giant
  9236 | D:11     | Noticed a cyclops
  9385 | D:11     | Killed a cyclops
  9385 | D:11     | Reached skill level 15 in Unarmed Combat
  9541 | D:11     | Noticed Erolcha
  9542 | D:11     | Paralysed by Erolcha for 4 turns
  9554 | D:11     | Killed Erolcha
  9597 | D:11     | Found a staircase to the Orcish Mines.
  9863 | D:11     | Learned a level 1 spell: Apportation
 10152 | D:12     | Noticed Josephine
 10159 | D:12     | Reached skill level 1 in Armour
 10179 | D:12     | Killed Josephine
 10179 | D:12     | Reached XP level 12. HP: 85/126 MP: 7/11
 10471 | D:12     | Noticed karlkraus's ghost (powerful MiFi)
 10502 | D:12     | Killed karlkraus's ghost
 10872 | D:12     | Noticed a red ugly thing
 10879 | D:12     | Killed a red ugly thing
 11153 | D:12     | Got a jewelled quarterstaff
 11154 | D:12     | Identified the +1 quarterstaff "Rier" {crush, rC+ Str-4 Dex+2} (You found it on level 12 of the Dungeon)
 11595 | Lair:1   | Entered Level 1 of the Lair of Beasts
 11635 | Lair:1   | Noticed Urug
 11651 | Lair:1   | Killed Urug
 11651 | Lair:1   | Reached skill level 5 in Armour
 11875 | Lair:1   | Found a frozen archway.
 11902 | IceCv    | Entered an ice cave
 12714 | IceCv    | Noticed a frost giant
 12726 | IceCv    | Reached XP level 13. HP: 113/132 MP: 9/12
 12732 | IceCv    | Killed a frost giant
 12750 | IceCv    | Reached skill level 10 in Armour
 12918 | IceCv    | Identified the Catalogue of the Destructive Snowflakes
 12925 | IceCv    | Got a silken robe
 12936 | IceCv    | Identified the cursed +0 robe of Loss {-Tele rPois rCorr SInv} (You found it in an ice cave)
 13426 | Lair:1   | Noticed Gastronok
 13471 | Lair:1   | Killed Gastronok
 13544 | Lair:1   | Noticed Erica
 13554 | Lair:1   | Killed Erica
 14203 | Lair:2   | Reached skill level 1 in Throwing
 14963 | Lair:3   | Found a hole to the Spider Nest.
 15378 | Lair:3   | Reached skill level 5 in Throwing
 16995 | Lair:4   | Found a staircase to the Shoals.
 17102 | Lair:5   | Reached XP level 14. HP: 77/141 MP: 6/13
 17862 | Lair:6   | You fall through a shaft for 2 floors!
 17862 | Lair:8   | Entered Level 8 of the Lair of Beasts
 18677 | Lair:6   | Reached skill level 10 in Throwing
 19868 | Lair:7   | Reached skill level 10 in Fighting
 20366 | Lair:8   | Found a runed door.
 20378 | Lair:8   | Found a viscous altar of Jiyva.
 20378 | Lair:8   | Noticed an azure jelly
 20379 | Lair:8   | Found a staircase to the Slime Pits.
 20379 | Lair:8   | Noticed an azure jelly
 20379 | Lair:8   | Noticed an azure jelly
 20426 | Lair:8   | HP: 2/143 [azure jelly (7)]
 20426 | Lair:8   | Mangled by an azure jelly

Vault maps used:
D:1:      dpeg_arrival_water_altar, serial_forest,
          infiniplex_forest_clump_small, infiniplex_forest_clump_double,
          infiniplex_forest_straight_2, infiniplex_forest_end_3,
          infiniplex_forest_lined_room_3, infiniplex_forest_clump_large,
          infiniplex_forest_clump_long
D:2:      wad_lake_hut
D:3:      kennysheep_cross_bottleneck
D:4:      lemuel_round_altar, gammafunk_temple_overflow_pools, temple_hall
D:5:      first_bread, basic_altar
D:6:      nicolae_ossuary_entry_monument
D:7:      minmay_misc_feat_cross
D:8:      nicolae_overflow_quartered_altars
D:9:      erik_lair_island, david_nohive_1, hex_large, hex_tiny
D:10:     uniq_joseph, uniq_harold
D:11:     david_orc_3, basic_altar, hangedman_decor_points, uniq_erolcha
D:12:     uniq_josephine
Lair:1:   portal_ice_cave_entry_pillars_02, uniq_gastronok, uniq_erica,
          uniq_urug
Lair:2:   serial_bayou_shore_b
Lair:3:   dummy_spider_entry, minmay_holes
Lair:4:   elwin_shoals_entry_rooms, beast_lair_carwin_9
Lair:5:   st_stairs_4
Lair:8:   due_jungle_book, slime_altar_2, lemuel_another_geyser
Ossuary:  ossuary_due_pyramid
IceCv:    ice_cave_caverns_01

Action                   |  1- 3 |  4- 6 |  7- 9 | 10-12 | 13-15 || total
-------------------------+-------+-------+-------+-------+-------++-------
Melee: Unarmed           |   192 |    95 |   336 |   622 |   655 ||  1900
Throw: Large rock        |       |       |       |       |     5 ||     5
 Cast: Apportation       |       |       |       |       |     1 ||     1
Evoke: Wand              |       |       |       |       |     2 ||     2
  Use: Potion            |     2 |       |     5 |     4 |     2 ||    13
       Scroll            |       |     4 |     6 |     3 |    13 ||    26
 Stab: Sleeping          |       |     1 |     3 |     3 |     4 ||    11
       Distracted        |       |       |     1 |       |     2 ||     3
  Eat: Chunk             |    14 |     9 |    28 |    61 |    65 ||   177
       Meat ration       |       |     1 |       |       |       ||     1
       Bread ration      |       |     1 |       |       |       ||     1
       Royal jelly       |       |     1 |       |       |       ||     1
       Pizza             |       |     1 |       |       |       ||     1
       Fruit             |       |       |       |       |     2 ||     2
